 Dungeon Crawl Stone Soup version 0.26.1-11-gd32895ea62 (webtiles) character file.

Game seed: 16224272614683358903

116 Descartes the Ducker (level 4, -2/22 HPs)
             Began as a Spriggan Warper on May 7, 2021.
             Killed by divine providence
             ... invoked by an orc priest
              (13 damage)
             ... on level 3 of the Dungeon.
             The game lasted 00:06:39 (3492 turns).

Descartes the Ducker (Spriggan Warper)              Turns: 3492, Time: 00:06:40

Health: -2/22      AC:  2    Str:  8    XL:     4   Next: 70%
Magic:  9/9        EV: 20    Int: 14    God:
Gold:   96         SH:  0    Dex: 15    Spells: 9/9 levels left

rFire    . . .     SeeInvis +   a - +1 short sword
rCold    . . .     Faith    .   (shield restricted)
rNeg     . . .     Spirit   .   b - +0 robe
rPois    .         Reflect  .   (helmet restricted)
rElec    .         Harm     .   (no cloak)
rCorr    .         Rampage  .   (gloves unavailable)
Will     .....                  (boots unavailable)
Stlth    ++........             (no amulet)
HPRegen  0.07/turn              (no ring)
MPRegen  0.11/turn              (no ring)

@: very quick
A: very small, unfitting armour, see invisible, speed 3
a: no special abilities


You were on level 3 of the Dungeon.
You visited 1 branch of the dungeon, and saw 3 of its levels.

You collected 96 gold pieces.

Inventory:

Hand Weapons
 a - a +1 short sword (weapon)
Missiles
 e - 5 boomerangs of dispersal (quivered)
 f - 6 bolts
 g - 8 boomerangs
 h - 62 stones
 k - 6 atropa-tipped darts
 p - 15 arrows
Armour
 b - a +0 robe (worn)
Scrolls
 c - a scroll of fear
 d - 2 scrolls of blinking
 i - 2 scrolls of enchant weapon
Potions
 j - a potion of ambrosia {unknown}
 m - a potion of attraction {unknown}
 n - 2 potions of heal wounds {unknown}
 o - a potion of haste {unknown}
 q - a potion of curing


   Skills:
 - Level 1.5 Fighting
 + Level 3.4 Short Blades
 - Level 1.0 Throwing
 + Level 4.9 Dodging
 + Level 3.7 Stealth
 + Level 3.0 Spellcasting
 + Level 4.7 Translocations


You had 9 spell levels left.
You didn't know any spells.
Your spell library contained the following spells:

 Spells                   Type           Power        Failure   Level
 Blink                    Tloc           N/A          4%          2
 Gell's Gravitas          Tloc           7%           10%         3
 Lesser Beckoning         Tloc           7%           10%         3
 Teleport Other           Tloc           15%          10%         3
 Passage of Golubria      Tloc           N/A          30%         4


Dungeon Overview and Level Annotations

Branches:
Dungeon (3/15)

Altars:
Sif Muna


Innate Abilities, Weirdness & Mutations

You are very small and have problems with some larger weapons.
You are too small for most types of armour.
You have supernaturally acute eyesight. (SInv)
You cover ground extremely quickly.


Message History

The jackal barks!
You hear a bark!
The jackal completely misses you.
You miss the jackal. The jackal closely misses you.
The jackal completely misses you.
You hit the jackal but do no damage. The jackal closely misses you.
You barely miss the jackal.
A jackal comes into view.
The jackal bites you but does no damage.
You closely miss the jackal. The jackal closely misses you.
You barely miss the jackal. The jackal completely misses you.
The jackal barely misses you. The jackal misses you. x2
You hit the jackal but do no damage. The jackal completely misses you.
The kobold hits you but does no damage. The jackal completely misses you.
You closely miss the jackal. The jackal barely misses you.
The jackal misses you. The kobold hits you. The jackal bites you.
The jackal misses you.
The orc priest mumbles some strange prayers to Beogh against you.
Beogh smites you!
Ouch! That really hurt!
You die...

# ######## .#. #.. ...#
..####.# #.######
#...#.####$.....#
.##..........####.#
#.....)..#.#h####.#####
#.#...#..@.K†o.....#
#......$.h####.###.#####
###...###.####.#..<....#
#.####............#.#.###.#
........###########....##.#
#.#####.# ####### #....##.#
#.#####.# #.....# #....##.#
........###.....# #.##.##.#
..##...).†......# #....o..#


You could see an orc priest, 2 jackals and a kobold.

Vanquished Creatures
  5 adders (D:2)
  2 worms (D:2)
  3 dart slugs
  2 leopard geckos
  6 bats
  3 giant cockroaches
  7 goblins
  8 hobgoblins
  4 jackals (D:2)
  2 quokkas
  A ball python (D:3)
  9 frilled lizards
  6 kobolds
  2 rats
60 creatures vanquished.

Notes
Turn   | Place    | Note
-------+----------+-------------------------------------------
     0 | D:1      | Descartes the Spriggan Warper began the quest for the Orb.
     0 | D:1      | Reached XP level 1. HP: 10/10 MP: 5/5
    93 | D:1      | Reached skill level 1 in Stealth
   179 | D:1      | Reached XP level 2. HP: 14/14 MP: 6/6
   980 | D:1      | Reached XP level 3. HP: 18/18 MP: 8/8
   989 | D:1      | You fall into a shaft and drop 1 floor!
  2272 | D:2      | Reached XP level 4. HP: 20/22 MP: 9/9
  3212 | D:2      | Found a shimmering blue altar of Sif Muna.
  3492 | D:3      | Killed from afar by an orc priest

Illustrated notes

Levels and vault maps discovered:
D:1:      grunt_arrival_lava_bath, layout_loops_corners, hangedman_glass_teeth
D:2:      layout_loops_ring, lemuel_coloured_pillars_altar
D:3:      layout_loops_cross, cheibrodos_sewer_entry_bend

Skill      XL: |  1  2  3  4 |
---------------+-------------+-----
Stealth        | 1 2 3 |  3.7
Dodging        | 4 |  4.9
Short Blades   | 3 |  3.4
Spellcasting   | 3 |  3.0
Fighting       | |  1.5
Throwing       | |  1.0
Translocations | |  4.7

Action                   |  1- 3 |  4- 6 || total
-------------------------+-------+-------++-------
Melee: Short sword       |   169 |   126 ||   295
  Use: Potion            |     2 |       ||     2
       Scroll            |       |     7 ||     7
 Stab: Sleeping          |     8 |     2 ||    10
Armor: Robe              |    18 |    10 ||    28
Dodge: Dodged            |   146 |   133 ||   279
